 Dungeon Crawl Stone Soup version 0.18.1-8-gdd0e5ea (webtiles) character file.

58916 georgeearnest the Nimble (level 14, -5/100 HPs)
             Began as a White Draconian Monk on May 24, 2016.
             Was a High Priest of Nemelex Xobeh.
             Killed from afar by a shock serpent (12 damage)
             ... with a bolt of electricity
             ... on level 1 of the Pits of Slime on May 25, 2016.
             The game lasted 01:26:05 (28315 turns).

georgeearnest the Nimble (White Draconian Monk)    Turns: 28315, Time: 01:26:09

Health: -5/100     AC: 12    Str: 23    XL:     14   Next: 51%
Magic:  16/16      EV: 27    Int: 10    God:    Nemelex Xobeh [*****.]
Gold:   1049       SH:  5    Dex: 16    Spells: 0 memorised, 13 levels left

rFire  . . .     SeeInvis .       - Unarmed
rCold  + . .     Gourm    .     (armour unavailable)
rNeg   . . .     Faith    .     (no shield)
rPois  .         Spirit   .     (helmet restricted)
rElec  .         Dismiss  .     (no cloak)
rCorr  .         Reflect  +     E - +0 pair of gloves
SustAt .         Harm     .     l - +2 pair of boots
MR     +....                    F - +5 amulet of reflection
Stlth  +++.......               N - +4 ring of evasion
                                h - +6 ring of strength

@: somewhat resistant to hostile enchantments, fairly stealthy
A: breathe frost, unfitting armour, cold resistance 1, frail 2, low mp 1,
screaming 1, cold-blooded, AC +8
a: Breathe Frost, Triple Draw, Deal Four, Stack Five, Renounce Religion


You were on level 1 of the Pits of Slime.
You worshipped Nemelex Xobeh.
Nemelex Xobeh was extremely pleased with you.
You were not hungry.

You visited 3 branches of the dungeon, and saw 18 of its levels.
You also visited: Bailey.

You collected 1089 gold pieces.

Inventory:

Hand Weapons
 P - the +5 lajatang of Noon {flame, *Confuse rF+ rC+ rN+, unknown}
   (You found it on level 8 of the Lair of Beasts)

   It has been specially enchanted to burn those struck by it, causing extra
   injury to most foes and up to half again as much damage against particularly
   susceptible opponents.
   Big, fiery blades are also staple armaments of hydra-hunters.
   It protects you from fire.
   It protects you from cold.
   It protects you from negative energy.
   It may confuse you when you take damage.
Missiles
 t - 15 tomahawks of returning (quivered)
Armour
 l - a +2 pair of boots (worn)
 E - a +0 pair of gloves (worn)
 M - a +0 pair of boots
Rods
 Q - a +4 lightning rod (12/12)
   (You found it on level 8 of the Lair of Beasts)
Jewellery
 h - a +6 ring of strength (left hand)
 r - an uncursed ring of protection from magic
 u - an uncursed ring of resist corrosion
 y - a +3 ring of dexterity
 z - an uncursed ring of wizardry
 F - a +5 amulet of reflection (around neck)
 K - a cursed ring of teleportation
 L - an uncursed amulet of inaccuracy
 N - a +4 ring of evasion (right hand)
 O - an uncursed ring of see invisible
Wands
 a - a wand of paralysis (12/24)
 j - a wand of disintegration (0/24)
 A - a wand of slowing (17/48)
 H - a wand of flame (16/48)
 I - a wand of paralysis (7/24)
 U - a wand of lightning (9/15)
Scrolls
 b - a scroll of teleportation
 c - 7 scrolls of identify
 e - 5 scrolls of amnesia
 f - a scroll of magic mapping
 g - 2 scrolls of recharging
 i - 3 scrolls of remove curse
 m - 5 scrolls of fog
 q - 8 scrolls of enchant armour
 s - 3 scrolls of immolation {unknown}
 x - 3 scrolls of enchant weapon
 D - a scroll of summoning {unknown}
 G - a scroll of random uselessness {unknown}
 R - a scroll of holy word {unknown}
 V - a scroll of vulnerability {unknown}
Potions
 k - 8 potions of brilliance
 v - a potion of magic
 S - a potion of agility
Books
 w - a book of Alchemy

   Spells                             Type                      Level
   a - Sublimation of Blood           Necromancy                   2
   b - Ignite Poison                  Fire/Transmutation/Poison    3
   c - Petrify                        Transmutation/Earth          4
   d - Alistair's Intoxication        Transmutation/Poison         5
   e - Irradiate                      Conjuration/Transmutation    5
 J - a book of Summonings

   Spells                             Type                      Level
   a - Recall                         Summoning/Translocation      3
   b - Aura of Abjuration             Summoning                    5
   c - Summon Demon                   Summoning                    5
   d - Summon Forest                  Summoning/Translocation      5
   e - Summon Mana Viper              Hexes/Summoning              5
   f - Shadow Creatures               Summoning                    6
 T - a book of Callings

   Spells                             Type                      Level
   a - Summon Small Mammal            Summoning                    1
   b - Call Imp                       Summoning                    2
   c - Call Canine Familiar           Summoning                    3
   d - Summon Guardian Golem          Hexes/Summoning              3
   e - Summon Lightning Spire         Summoning/Air                4
   f - Summon Ice Beast               Ice/Summoning                4
Miscellaneous
 n - a plain deck of escape
 o - a plain deck of escape
 p - a plain deck of escape
 C - a box of beasts {used: 1}
 W - a plain deck of escape
 X - a legendary deck of destruction {drawn: 3}
Comestibles
 d - 3 fruits


   Skills:
 + Level 12.0 Fighting
 + Level 4.9 Throwing
 + Level 14.7 Dodging
 + Level 8.8 Stealth
 + Level 13.0 Unarmed Combat
 + Level 6.0 Evocations


You had 13 spell levels left.
You didn't know any spells.

Dungeon Overview and Level Annotations

Branches:
Dungeon (9/15)             Temple (0/1) D:4            Lair (8/8) D:8
  Swamp (0/4) Lair:5       Spider (0/4) Lair:5        Slime (1/6) Lair:8
    Orc: D:9-12

Altars:
Ashenzari
Dithmenos
Fedhas
Kikubaaqudgha
Makhleb
Nemelex Xobeh
Okawaru
Qazlal
Ru
Sif Muna
Yredelemnul
The Shining One


Innate Abilities, Weirdness & Mutations

You can breathe waves of freezing cold.
You can buffet flying creatures when you breathe cold.
Your icy white scales are hard (AC +8).
Your body does not fit into most forms of armour.
Your flesh is cold resistant.
You are cold-blooded and may be slowed by cold attacks.
You are very frail (-20% HP).
Your magical capacity is low (-10% MP).
You occasionally shout uncontrollably at your foes.


Message History

You draw a card...
It is Degeneration.
The shining eye evaporates and reforms as a redback!
The redback twists and deforms.
The shining eye evaporates and reforms as a shock serpent!
The shock serpent twists and deforms.
The shining eye evaporates and reforms as a glowing shapeshifter!
The glowing shapeshifter twists and deforms.
The acid blob evaporates and reforms as a golden dragon!
The golden dragon twists and deforms.
The jelly evaporates and reforms as a hound!
The hound twists and deforms.
The jelly evaporates and reforms as an adder!
The adder twists and deforms.
The acid blob evaporates and reforms as a caustic shrike!
The caustic shrike twists and deforms.
The walls burn the hound!
The wall burns the redback!
The shock serpent shoots out a bolt of lightning at you!
The bolt of electricity hits you!
You die...
Your body glows slightly and disappears.

.....#...J....## #..#
##........### ##.###
#..........## ##....#
#.S.........#
##.#....##b.h.......##
#......#.......#.....#
#...........####....#
#.........# #...##
#..@....s.. ##..#
#.......Sp>.... #...
....D.......#.# ...##
............... #.##
............... ###
........##.....
......... .....
......... .....


You could see a golden dragon, a caustic shrike, a glowing shapeshifter, a shock
serpent, a redback, a hound (wandering) and an adder.

Vanquished Creatures
  Maud (Lair:7)
  Snorg (Lair:3)
  4 hydras
  A catoblepas (Lair:8)
  8 death yaks
  A fire crab (Lair:8)
  An orc knight (Bailey)
  2 griffons (Lair:8)
  A shining eye (Lair:8)
  A wolf spider (Lair:5)
  8 elephants
  6 black mambas
  Maurice (D:8)
  18 spiny frogs
  4 rime drakes
  7 komodo dragons
  A giant leech (Lair:5)
  A troll (D:8)
  Grinder (D:5)
  A two-headed ogre (D:8)
  16 blink frogs
  2 slime creatures
  43 yaks
  A fire bat (D:6)
  2 wyverns
  A basilisk (Lair:4)
  8 hippogriffs
  A hungry ghost (D:8)
  2 swamp worms (Lair:5)
  Duvessa (D:5)
  16 water moccasins
  19 porcupines
  3 orc warriors (Bailey)
  A necrophage (D:8)
  3 ogres
  A phantom (D:4)
  2 centaurs
  12 wolves
  16 crocodiles
  13 giant frogs
  3 scorpions (D:6)
  A water moccasin skeleton (D:6)
  3 wights (D:8)
  3 electric eels (D:8)
  2 crimson imps
  A quasit (D:8)
  9 hounds
  A centaur skeleton (D:5)
  A giant frog skeleton (D:8)
  5 jellies
  6 orc wizards
  9 iguanas
  8 worker ants
  15 sheep
  2 worker ant zombies (D:6)
  A gnoll (Bailey)
  46 river rats
  8 adders
  2 oozes
  An adder zombie (D:8)
  A worm (D:2)
  A dart slug (D:1)
  3 giant geckos
  16 orcs
  8 bats
  6 giant cockroaches (D:2)
  6 goblins
  6 hobgoblins
  8 jackals
  3 quokkas
  A giant gecko skeleton (D:6)
  9 giant newts
  15 kobolds
  2 rats
  A spectral orc (D:6)
  A butterfly (Lair:8)
446 creatures vanquished.

Vanquished Creatures (collateral kills)
  Rupert (Lair:7)
  2 hydras
  2 catoblepae (Lair:8)
  10 death yaks
  The ghost of Scuka the Basher, a novice GrFi of Okawaru (Bailey)
  3 elephants (Lair:7)
  A polar bear (Lair:7)
  A blink frog (Lair:8)
  A yak (Lair:5)
  Sigmund (D:5)
  A water moccasin (Lair:6)
  3 orc warriors
  2 giant frogs
  Dowan (D:5)
  An orc priest (D:5)
  A giant frog skeleton (D:5)
  3 orc wizards
  A gnoll (Bailey)
  An adder (D:5)
  4 orcs
  A giant cockroach (D:5)
  A goblin (Bailey)
  A hobgoblin (Bailey)
  A giant gecko skeleton (D:4)
  7 kobolds (Bailey)
  A plant (Lair:8)
53 creatures vanquished.

Vanquished Creatures (others)
  A black bear (D:9)
  A centaur (D:9)
  A giant frog (D:9)
  A howler monkey (D:9)
  2 hounds
  An adder zombie (D:9)
  24 fungi
  22 plants
53 creatures vanquished.

Grand Total: 552 creatures vanquished

Notes
Turn   | Place    | Note
--------------------------------------------------------------
     0 | D:1      | georgeearnest the Draconian Monk began the quest for the Orb.
     0 | D:1      | Reached XP level 1. HP: 19/19 MP: 1/1
   472 | D:1      | Reached XP level 2. HP: 26/26 MP: 2/2
   498 | D:1      | Reached skill level 3 in Dodging
  1067 | D:2      | Reached XP level 3. HP: 31/33 MP: 3/3
  1583 | D:2      | Found an ancient bone altar of Kikubaaqudgha.
  1793 | D:2      | Found a deep blue altar of Sif Muna.
  1796 | D:2      | Found a sparkling altar of Nemelex Xobeh.
  1799 | D:2      | Found an iron altar of Okawaru.
  1830 | D:2      | Became a worshipper of Nemelex Xobeh the Trickster
  1830 | D:2      | Received a gift from Nemelex Xobeh
  1830 | D:2      | Reached * piety under Nemelex Xobeh
  1830 | D:2      | Received a gift from Nemelex Xobeh
  1830 | D:2      | Reached ** piety under Nemelex Xobeh
  1935 | D:2      | Found a shadowy altar of Dithmenos.
  2099 | D:2      | Reached XP level 4. HP: 40/40 MP: 4/4
  2693 | D:3      | Received a gift from Nemelex Xobeh
  2863 | D:3      | Reached *** piety under Nemelex Xobeh
  2870 | D:3      | Found a stormy altar of Qazlal.
  2871 | D:3      | Noticed an earth elemental
  2872 | D:3      | Noticed a water elemental
  2877 | D:3      | Noticed an air elemental
  2880 | D:3      | Noticed a fire elemental
  2946 | D:3      | Found a blossoming altar of Fedhas.
  3102 | D:4      | Received a gift from Nemelex Xobeh
  3134 | D:4      | Noticed a phantom
  3203 | D:4      | Gained mutation: You have large cloven feet. [potion of mutation]
  3203 | D:4      | Gained mutation: You have a beak for a mouth. [potion of mutation]
  3203 | D:4      | Gained mutation: Your flesh is cold resistant. [potion of mutation]
  3246 | D:4      | Killed a phantom
  3246 | D:4      | Reached XP level 5. HP: 44/47 MP: 5/5
  3544 | D:4      | Reached skill level 5 in Unarmed Combat
  3621 | D:4      | Found a staircase to the Ecumenical Temple.
  3633 | D:4      | Reached skill level 4 in Dodging
  3725 | D:4      | Reached XP level 6. HP: 14/53 MP: 6/6
  4072 | D:4      | Received a gift from Nemelex Xobeh
  4607 | D:5      | Entered Level 5 of the Dungeon
  4631 | D:5      | Received a gift from Nemelex Xobeh
  4649 | D:5      | Noticed Sigmund
  4679 | D:5      | Killed Sigmund
  4679 | D:5      | Reached skill level 5 in Dodging
  4679 | D:5      | Reached skill level 1 in Evocations
  4681 | D:5      | Your scales start taking on an icy white colour.
  4681 | D:5      | Reached XP level 7. HP: 56/60 MP: 7/7
  4681 | D:5      | Gained mutation: Your flesh is very cold resistant. [White Draconian growth]
  4734 | D:5      | Reached **** piety under Nemelex Xobeh
  4753 | D:5      | Noticed Duvessa
  4754 | D:5      | Noticed Dowan
  4759 | D:5      | Killed Duvessa
  4774 | D:5      | Killed Dowan
  4877 | D:5      | Noticed Grinder
  4893 | D:5      | Paralysed by Grinder for 6 turns
  4913 | D:5      | Killed Grinder
  4913 | D:5      | Reached skill level 5 in Fighting
  5219 | D:5      | Reached skill level 6 in Dodging
  5410 | D:5      | Received a gift from Nemelex Xobeh
  5454 | D:6      | Reached XP level 8. HP: 61/68 MP: 9/9
  5482 | D:6      | Noticed a rime drake
  5500 | D:6      | Killed a rime drake
  5897 | D:6      | Reached skill level 7 in Dodging
  6418 | D:6      | Received a gift from Nemelex Xobeh
  6655 | D:6      | Found a basalt altar of Yredelemnul.
  6730 | D:6      | Reached XP level 9. HP: 64/75 MP: 11/11
  6842 | D:7      | You fall through a shaft for 2 floors!
  7001 | D:7      | Found a shattered altar of Ashenzari.
  7060 | D:7      | Received a gift from Nemelex Xobeh
  7257 | D:7      | Found a flagged portal.
  7273 | Bailey   | Entered a bailey
  7273 | Bailey   | Reached ***** piety under Nemelex Xobeh
  7324 | Bailey   | Noticed Scuka's ghost (novice GrFi)
  7325 | Bailey   | Noticed an orc warlord
  7337 | Bailey   | Killed Scuka's ghost
  7337 | Bailey   | Reached skill level 8 in Dodging
  7362 | Bailey   | Received a gift from Nemelex Xobeh
  7509 | Bailey   | Noticed an orc knight
  7542 | Bailey   | Killed an orc knight
  7867 | Bailey   | Found a runed gate.
  7867 | Bailey   | Found a runed gate.
  7897 | Bailey   | Found a runed gate.
  8346 | D:8      | Found a glowing golden altar of the Shining One.
  8350 | D:8      | Found a sacrificial altar of Ru.
  8396 | D:8      | Lost mutation: Your flesh is very cold resistant. [potion of cure mutation]
  8396 | D:8      | Lost mutation: You have a beak for a mouth. [potion of cure mutation]
  8396 | D:8      | Lost mutation: You have large cloven feet. [potion of cure mutation]
  8397 | D:8      | Reached skill level 9 in Dodging
  8397 | D:8      | Reached XP level 10. HP: 49/90 MP: 11/13
  8417 | D:7      | Reached skill level 5 in Evocations
  8836 | D:8      | Found a burning altar of Makhleb.
  8991 | D:8      | Noticed Maurice
  9239 | D:8      | Reached XP level 11. HP: 69/94 MP: 11/14
  9727 | D:8      | Found a staircase to the Lair.
 10022 | D:8      | Killed Maurice
 10022 | D:8      | Reached skill level 10 in Dodging
 10301 | Lair:1   | Entered Level 1 of the Lair of Beasts
 11879 | Lair:1   | Reached skill level 10 in Unarmed Combat
 11988 | Lair:1   | Received a gift from Nemelex Xobeh
 12112 | Lair:1   | Noticed a five-headed hydra
 12457 | Lair:2   | Reached skill level 11 in Dodging
 12933 | Lair:2   | Received a gift from Nemelex Xobeh
 13478 | Lair:2   | Noticed a lindwurm
 13864 | Lair:2   | Noticed a lindwurm
 13868 | Lair:2   | Noticed a lindwurm
 13992 | Lair:3   | Noticed Snorg
 14028 | Lair:3   | Killed Snorg
 14028 | Lair:3   | Reached XP level 12. HP: 54/105 MP: 15/15
 14340 | Lair:3   | Received a gift from Nemelex Xobeh
 14942 | Lair:3   | Received a gift from Nemelex Xobeh
 15896 | Lair:4   | Noticed a seven-headed hydra
 15938 | Lair:4   | Killed a seven-headed hydra
 16194 | Lair:4   | HP: 2/106 [komodo dragon (25)]
 16196 | Lair:4   | Reached skill level 10 in Fighting
 16196 | Lair:4   | Reached skill level 12 in Dodging
 17669 | Lair:5   | Found a hole to the Spider Nest.
 18307 | Lair:5   | Received a gift from Nemelex Xobeh
 18325 | Lair:5   | Noticed a death yak
 18326 | Lair:5   | Noticed a death yak
 18327 | Lair:5   | Noticed a death yak
 18328 | Lair:5   | Noticed a death yak
 18348 | Lair:5   | Killed a death yak
 18360 | Lair:5   | Killed a death yak
 18363 | Lair:5   | Killed a death yak
 18364 | Lair:5   | Killed a death yak
 19324 | Lair:5   | Received a gift from Nemelex Xobeh
 19359 | Lair:5   | Found a staircase to the Swamp.
 19757 | Lair:6   | Reached XP level 13. HP: 70/114 MP: 16/16
 19965 | Lair:6   | Received a gift from Nemelex Xobeh
 20050 | Lair:6   | Reached skill level 13 in Dodging
 20942 | Lair:6   | Received a gift from Nemelex Xobeh
 21430 | Lair:7   | Received a gift from Nemelex Xobeh
 21672 | Lair:7   | Noticed Maud
 21680 | Lair:7   | Killed Maud
 22238 | Lair:7   | Noticed Rupert
 22266 | Lair:7   | Killed Rupert
 22996 | Lair:7   | Received a gift from Nemelex Xobeh
 23480 | Lair:8   | Entered Level 8 of the Lair of Beasts
 24272 | Lair:8   | Reached skill level 14 in Dodging
 24392 | Lair:8   | Reached XP level 14. HP: 104/124 MP: 18/18
 24906 | Lair:8   | Gained mutation: You occasionally shout uncontrollably at your foes. [a shining eye]
 24908 | Lair:8   | Gained mutation: You are frail (-10% HP). [a shining eye]
 25064 | Lair:8   | Found a staircase to the Slime Pits.
 25676 | Lair:8   | HP: 4/111 [death yak (10)]
 26156 | Lair:8   | Received a gift from Nemelex Xobeh
 27925 | Lair:8   | Got a twisted lajatang
 28281 | Slime:1  | Entered Level 1 of the Pits of Slime
 28286 | Slime:1  | Noticed an acid blob
 28298 | Slime:1  | Noticed an acid blob
 28298 | Slime:1  | Noticed an azure jelly
 28310 | Slime:1  | Gained mutation: Your magical capacity is low (-10% MP). [a shining eye]
 28313 | Slime:1  | Gained mutation: You are very frail (-20% HP). [a shining eye]
 28314 | Slime:1  | Noticed an acid blob
 28315 | Slime:1  | Noticed a golden dragon
 28315 | Slime:1  | an acid blob changed into a golden dragon
 28315 | Slime:1  | Noticed a caustic shrike
 28315 | Slime:1  | an acid blob changed into a caustic shrike
 28315 | Slime:1  | Killed from afar by a shock serpent

Skill      XL: |  1  2  3  4  5  6  7  8  9 10 11 12 13 14 |
---------------+-------------------------------------------+-----
Dodging        | 3 4 5 6 7 9 11 12 14 | 14.7
Fighting       | 4 5 6 8 9 10 11 12 | 12.0
Stealth        | 2 3 4 6 7 8 |  8.8
Unarmed Combat | 5 7 9 10 11 12 13 | 13.0
Evocations     | 1 2 4 5 6 |  6.0
Throwing       | 3 4 |  4.9

Action                   |  1- 3 |  4- 6 |  7- 9 | 10-12 | 13-15 || total
-------------------------+-------+-------+-------+-------+-------++-------
Melee: Unarmed           |   126 |   150 |   324 |   905 |   757 ||  2262
       Tailslap          |     8 |    29 |    56 |   188 |   167 ||   448
       Punch             |     3 |     3 |     7 |    67 |    82 ||   162
       Peck              |       |    10 |    60 |       |       ||    70
Throw: Tomahawk          |       |       |    11 |    24 |    54 ||    89
Invok: Deal Four         |       |       |     1 |     2 |     5 ||     8
       Triple Draw       |       |       |       |     1 |       ||     1
 Abil: Breathe Frost     |       |       |       |     2 |     2 ||     4
Evoke: Deck              |       |    12 |    35 |     7 |    20 ||    74
       Wand              |       |       |       |     6 |     6 ||    12
       Box of beasts     |       |       |       |       |     1 ||     1
  Use: Potion            |       |     8 |    12 |     9 |     4 ||    33
       Scroll            |       |       |    10 |    10 |    13 ||    33
 Stab: Sleeping          |     2 |     1 |     5 |     9 |     7 ||    24
       Distracted        |       |       |       |     3 |     2 ||     5
  Eat: Bread ration      |     1 |     2 |     2 |     7 |     2 ||    14
       Beef jerky        |       |       |     1 |     4 |       ||     5
       Meat ration       |       |       |       |     1 |     2 ||     3
       Pizza             |       |       |       |     1 |       ||     1
       Fruit             |       |       |       |       |    10 ||    10
       Royal jelly       |       |       |       |       |     1 ||     1
Armor: Skin              |    40 |    49 |    76 |   102 |   113 ||   380
Dodge: Dodged            |    98 |   104 |   330 |   680 |   809 ||  2021
Block: Other             |       |       |       |   156 |   169 ||   325
